[Event "*** Titled Tuesday Blitz"]
[Site "Chess.com"]
[Date "2020.04.14"]
[Round "8"]
[White "The_Machine04"]
[Black "Bykov_Egor"]
[Result "0-1"]
[WhiteElo "2383"]
[BlackElo "2571"]
[TimeControl "180+1"]
[EndTime "11:30:43 PDT"]
[Termination "Bykov_Egor won by checkmate"]

1. d4 Nf6 2. Bg5 d5 3. e3 c5 4. Bxf6 gxf6 5. dxc5 e6 6. c4 dxc4 7. Nd2 Bxc5 8. Bxc4 Nc6 9. Ngf3 a6 10. Be2 O-O 11. Rc1 Be7 12. O-O f5 13. a3 Bf6 14. Qc2 Bd7 15.
e4 Rc8 16. Qb1 f4 17. Rfd1 Ne5 18. Nxe5 Bxe5 19. Nf3 Bg7 20. e5 Rxc1 21. Qxc1 Qe7 22. Qc7 Rd8 23. Qxb7 Bf8 24. Qc7 Qe8 25. h3 Be7 26.
Bxa6 Ba4 27. Rxd8 Bxd8 28. Qc4 Bc6 29. Qxf4 Qd7 30. Qg4+ Kh8 31. Kh2 Qc7 32. Bc4 Bxf3 33. gxf3 Qxe5+ 34. Qg3 Qc5 35. Qb8 Qe7 36. Bd3 Kg8 37.
Qg3+ Kf8 38. Qg4 Bc7+ 39. Kg2 Qf6 40. Qe4 Qg5+ 41. Qg4 Qe5 42. Qh5 Qxh5 43. Be4 Qh4 44. b4 Qf4 45. b5 f5 46. Bc6 Qd4 47. a4 Bb6 48. a5 Qxf2+ 49. Kh1 Qg1# 0-1

[Event "*** Titled Tuesday Blitz"]
[Site "Chess.com"]
[Date "2020.04.14"]
[Round "8"]
[White "pooh2012"]
[Black "VinzentSpitzl"]
[Result "0-1"]
[WhiteElo "2554"]
[BlackElo "2383"]
[TimeControl "180+1"]
[EndTime "11:30:43 PDT"]
[Termination "VinzentSpitzl won by resignation"]

1. d4 d5 2. a3 Nf6 3. Bf4 Bf5 4. e3 e6 5. Ne2 Bd6 6. c4 dxc4 7. Qa4+ Qd7 8. Qxc4 O-O 9. Nbc3 a6 10. a4 Nc6 11.
Bxd6 Qxd6 12. Ng3 Bg6 13. Be2 e5 14. O-O exd4 15. Rfd1 Rad8 16. exd4 Nxd4 17. Bf1 c5 18. Rac1 h6 19. a5 Rc8 20. Na4 Qe6 21. Nb6 Rc6 22. b4 Nb5 23. Qxe6 fxe6 24. Rxc5 Rxc5 25. bxc5 Ne4 26.
Nxe4 Bxe4 27. Bxb5 axb5 28. f3 Bc6 29. Re1 Kf7 30. Kf2 Rd8 31. Re2 Rd3 32. Rc2 Ra3 33.
Nc8 Rxa5 34. Nd6+ Ke7 35. Rd2 Bd5 36. Nc8+ Kd7 37. Nd6 Kc6 38. Ne8 Ra2 39. Ke3 Rxd2 40. Kxd2 g5 41. Nf6 Kxc5 42. Ng8 h5 43. Nf6 g4 44.
fxg4 hxg4 45. g3 Bf3 46. Nd7+ Kd4 47. Nb6 b4 48. Na4 b3 49. Nb2 b5 50. Kc1 e5 51.
Kd2 e4 52. Ke1 e3 53. Nd1 Bxd1 54. Kxd1 Kc3 55. Kc1 b2+ 56. Kd1 e2+ 57. Kxe2 b1=Q 58. Ke3 Qc2 59. Kf4 Qxh2 60. Kxg4 Qg2 61. Kf4 b4 62. g4 Qxg4+ 63. Kxg4 b3 64. Kf3 b2 65.
Kf4 b1=Q 0-1

[Event "*** Titled Tuesday Blitz"]
[Site "Chess.com"]
[Date "2020.04.14"]
[Round "8"]
[White "vizumatv4hoda"]
[Black "Fandorine"]
[Result "1/2-1/2"]
[WhiteElo "2772"]
[BlackElo "2916"]
[TimeControl "180+1"]
[EndTime "11:30:44 PDT"]
[Termination "Game drawn by agreement"]

1. e4 c5 2. c3 Nf6 3. e5 Nd5 4. d4 e6 5. Nf3 cxd4 6. cxd4 b6 7. Nc3 Bb7 8. Bd3 Na6 9. O-O Nab4 10. Bb1 Rc8 11. Bd2 Nxc3 12. bxc3 Nd5 13. Qb3 Ba6 14. Rc1 Bc4 15. Qd1 Be7 16. Be4 O-O 17. h4 f5 18.
Bxd5 Bxd5 19. Ng5 f4 20. Qh5 h6 21. Nh3 Bxh4 22. Nxf4 Bg5 23. Nxd5 Bxd2 24. Rc2 exd5 25.
Rxd2 Rxc3 26. Re1 Qe7 27. e6 dxe6 28. Qxd5 Rc1 29. Qe5 Rxe1+ 30. Qxe1 Qd6 31. Qe5 Rd8 32. Qe4 Qd5 33. Qg4 e5 34. Re2 Qxd4 35. Qe6+ Kh8 36. Rxe5 Rf8 37. Rf5 Qd1+ 38. Kh2 Rd8 39. Qe7 Qd6+ 40.
Re5 Qxe7 41. Rxe7 a5 42. Rb7 Rd6 43. a4 Rd4 44. Rxb6 Rxa4 45. Ra6 Kh7 46. Kh3 h5 47. g3 g6 48. f4 Ra1 49. Kh4 Ra3 50. Ra7+ Kh6 51. Ra6 Rb3 52. f5 Rb4+ 53. Kh3 Kg5 54. fxg6 Rb7 55. g7 Rxg7 56. Rxa5+ Kh6 57. Kh4 Rg4+ 58.
Kh3 Rg5 59. Ra6+ Rg6 60. Ra8 Rg4 1/2-1/2

[Event "*** Titled Tuesday Blitz"]
[Site "Chess.com"]
[Date "2020.04.14"]
[Round "8"]
[White "GMMarcinDziuba"]
[Black "cukus"]
[Result "0-1"]
[WhiteElo "2677"]
[BlackElo "2468"]
[TimeControl "180+1"]
[EndTime "11:30:45 PDT"]
[Termination "cukus won on time"]

1. Nf3 c5 2. e4 d6 3. Bb5+ Bd7 4. Bxd7+ Qxd7 5. c4 Nc6 6. Nc3 g6 7. d4 cxd4 8. Nxd4 Bg7 9. Be3 Nf6 10. f3 O-O 11. O-O Rfe8 12. Qd2 Rad8 13. Rfd1 e6 14. Nde2 d5 15.
cxd5 exd5 16. exd5 Nb4 17. d6 Rxe3 18. Qxe3 Nc2 19.
Qxa7 Nxa1 20. Rxa1 Bf8 21. Qd4 Qxd6 22. Qxd6 Bxd6 23. Rd1 Kf8 24. Kf1 Ke7 25. g3 h5 26.
Nb5 Bc5 27. Rxd8 Kxd8 28. Nec3 Kd7 29. Ke2 g5 30. h3 g4 31. fxg4 hxg4 32. hxg4 Nxg4 33.
Ne4 Kc6 34. Nxc5 Kxc5 35. Nc7 Nf6 36. a4 Kb4 37. Kd3 Kxa4 38. Kc4 Ka5 39. b4+ Kb6 40. Nb5 Ne4 41. Nd4 Nxg3 42. Nf3 Ne4 43. Ne5 f5 44. Nd3 Kc6 45. Kd4 Kd6 46. Nf4 Nf6 47. b5 b6 48.
Kc4 Ke5 49. Ng6+ Ke4 50. Kc3 f4 51. Kd2 f3 52. Ke1 Ke3 53. Ne5 f2+ 54. Kf1 Ne4 55. Nc4+ Kf3 56. Ne5+ Kf4 57. Nc4 Kg3 0-1

[Event "*** Titled Tuesday Blitz"]
[Site "Chess.com"]
[Date "2020.04.14"]
[Round "8"]
[White "moro182"]
[Black "rasmussvane"]
[Result "1/2-1/2"]
[WhiteElo "2698"]
[BlackElo "2873"]
[TimeControl "180+1"]
[EndTime "11:30:47 PDT"]
[Termination "Game drawn by agreement"]

1. d4 d5 2. Bf4 Nf6 3. e3 c5 4. dxc5 e6 5. b4 a5 6. c3 Bd7 7. Qb3 b6 8. Nf3 bxc5 9. bxc5 Bxc5 10. Nbd2 O-O 11. Bd3 Nc6 12. O-O Re8 13. e4 h6 14. exd5 exd5 15. Bg3 a4 16. Qc2 Nh5 17. Bh7+ Kh8 18. Bf5 Nxg3 19. hxg3 Qc7 20. Rad1 Bxf5 21. Qxf5 Rad8 22. c4 Kg8 23. cxd5 Ne7 24. Qg4 Rxd5 25. Ne4 Qb6 26. Nxc5 Rxc5 27. Qxa4 Rec8 28. Rfe1 Ng6 29. Qd4 Qb7 30. a4 Rc2 31. Rd2 R2c4 32. Qa1 Qa7 33. Ra2 Ra8 34. a5 Rc5 35. a6 Rc6 36.
Nd4 Rb6 37. Nf5 f6 38. Qd4 Kh7 39. Qd5 Rxa6 40. Rxa6 Qxa6 41. Qf7 Ra7 42. Qe6 Qa5 43.
Qe3 Ra6 44. Nd4 Qe5 45. Qxe5 Nxe5 46. Nf3 Nd3 47. Rf1 Nc5 48. Ne1 Ne4 49. Nf3 Ra3 50.
Ne1 Nd6 51. Nf3 Ne4 52. Re1 Nd6 53. Rd1 Nf5 54. Re1 Kg6 55. Re2 h5 56. Kh2 Ra1 57.
Nh4+ Nxh4 58. gxh4 Kf5 59. g3 Ra4 60. Kg2 g5 61.
hxg5 fxg5 1/2-1/2

[Event "*** Titled Tuesday Blitz"]
[Site "Chess.com"]
[Date "2020.04.14"]
[Round "8"]
[White "FeketeBarika"]
[Black "FMOlexandrProhorov"]
[Result "1-0"]
[WhiteElo "2271"]
[BlackElo "2115"]
[TimeControl "180+1"]
[EndTime "11:30:48 PDT"]
[Termination "FeketeBarika won on time"]

1. Nf3 d5 2. g3 Bg4 3. Bg2 c6 4. c4 e6 5. cxd5 exd5 6. O-O Nf6 7. d3 Be7 8. Nc3 O-O 9. e4 dxe4 10. dxe4 Bb4 11. e5 Bxc3 12. bxc3 Nd5 13. Qb3 Qb6 14.
c4 Nc7 15. Be3 Qxb3 16. axb3 Ne6 17. h3 Bh5 18. g4 Bg6 19. b4 a6 20. b5 cxb5 21.
cxb5 Bd3 22. Rfc1 Bxb5 23. Nd4 Nxd4 24. Bxd4 Nc6 25. Bc5 Rfe8 26. f4 g6 27. Kh2 Kg7 28.
Kg3 Rad8 29. Be4 Rd2 30. Rd1 Red8 31. Bd6 Rb2 32. e6 Rb3+ 33. Kh4 f6 34. e7 Re8 35. Bxc6 Bxc6 36. Ra3 Rb5 37. Re3 Kf7 38. Kg3 Rb2 39. h4 h6 40. g5 hxg5 41. fxg5 f5 42. Rde1 Rg2+ 43. Kf4 Rg4+ 44. Ke5 Rxh4 45. Rc3 f4 46. Rf1 f3 47. Rxc6 bxc6 48. Rxf3+ Kg7 49. Rf8 Rxe7+ 50. Bxe7 Ra4 51. Rc8 Ra5+ 52. Kd4 Rd5+ 53. Kc4 1-0

[Event "*** Titled Tuesday Blitz"]
[Site "Chess.com"]
[Date "2020.04.14"]
[Round "8"]
[White "axvesik"]
[Black "abubakrtagelsir"]
[Result "1-0"]
[WhiteElo "2453"]
[BlackElo "2287"]
[TimeControl "180+1"]
[EndTime "11:30:49 PDT"]
[Termination "axvesik won by resignation"]

1. e4 d6 2. d4 g6 3. Nc3 Nf6 4. f4 Bg7 5. Bd3 O-O 6. Nf3 Nc6 7. O-O e5 8. d5 Nd4 9. fxe5 dxe5 10. Ne2 Nxf3+ 11.
Rxf3 Bg4 12. Rf2 c6 13. dxc6 bxc6 14. h3 Nxe4 15. Rf1 Qb6+ 16. Kh2 Nf2 17. Rxf2 Qxf2 18. hxg4 e4 19. Bxe4 Rad8 20. Bd3 Be5+ 21. Kh1 Rfe8 22. Bg5 f6 23. Bd2 Qh4+ 24. Kg1 Qxg4 25. Qf1 Bxb2 26.
Rb1 Rxd3 27. cxd3 Be5 28. Qf3 Qh4 29. g3 Qh3 30. Qxc6 Rf8 31. Qg2 Qg4 32. Kf2 Rd8 33. Qe4 Qh3 34. Rh1 Qd7 35. Qc4+ Kg7 36. Bc3 Qxd3 37.
Qxd3 Rxd3 38. Bxe5 fxe5 39. Rc1 Rd2 40. Rc7+ Kh6 41. Rxa7 e4 42. Ke3 Rd3+ 43. Kxe4 Rd8 44. a4 Re8+ 45. Kf3 Kg5 46. a5 Rf8+ 47. Nf4 h5 48. a6 Rf6 49. Ra8 Rf7 50. a7 Rb7 51. Ne6+ Kf6 52. Nc5 Rc7 53. Na6 Rb7 54. Nb4 Rxb4 55.
Rf8+ Kg5 56. a8=Q Rb3+ 57. Kg2 Rb2+ 58. Kh3 Rb4 59. Qd8+ 1-0

[Event "*** Titled Tuesday Blitz"]
[Site "Chess.com"]
[Date "2020.04.14"]
[Round "8"]
[White "crazy_but_lazy"]
[Black "Duong57"]
[Result "1-0"]
[WhiteElo "2408"]
[BlackElo "2219"]
[TimeControl "180+1"]
[EndTime "11:30:49 PDT"]
[Termination "crazy_but_lazy won by checkmate"]

1. d4 d5 2. c4 e6 3. Nc3 c6 4. cxd5 exd5 5. Nf3 Bd6 6. Bg5 Qb6 7. Qc2 h6 8. Bh4 Ne7 9. e3 Bf5 10. Qd2 Nd7 11. Be2 O-O 12. O-O Rfe8 13. Bd3 Bxd3 14.
Qxd3 Ng6 15. Bg3 Bxg3 16. hxg3 Nf6 17. Rab1 Ne4 18. Nd2 f5 19. b4 Qd8 20. b5 Qf6 21.
bxc6 bxc6 22. Rb7 Re7 23. Rfb1 Rae8 24. Nf3 h5 25. Ne2 h4 26. gxh4 Nxh4 27. Ne5 Qg5 28. Nf4 Nf6 29. Rxe7 Rxe7 30. Nxc6 Re4 31. Rb8+ Kh7 32.
Ne5 Ng8 33. g3 Rxf4 34. exf4 Qh6 35. gxh4 Qxh4 36. Qg3 Qh6 37. Kg2 Qh5 38. Qh3 Qxh3+ 39. Kxh3 Nf6 40. Ra8 Ne4 41. Kg2 Nc3 42. Rxa7 Ne2 43. a4 Nxd4 44. a5 Ne6 45. Kg3 Nd4 46. a6 Ne2+ 47. Kh2 Nxf4 48. Rxg7+ Kxg7 49. a7 Kf6 50. Nf3 Nd3 51. a8=Q Nxf2 52. Qxd5 Ng4+ 53. Kg3 Kg6 54.
Ne5+ Nxe5 55. Qxe5 Kg5 56. Qf4+ Kf6 57. Kh4 Kg6 58.
Qg5+ Kh7 59. Qxf5+ Kh6 60. Qg5+ Kh7 61. Kg4 Kh8 62.
Kf5 Kh7 63. Kf6 Kh8 64. Qg7# 1-0

[Event "*** Titled Tuesday Blitz"]
[Site "Chess.com"]
[Date "2020.04.14"]
[Round "8"]
[White "FannyDuarteNapoles"]
[Black "bmt011"]
[Result "1/2-1/2"]
[WhiteElo "2258"]
[BlackElo "2013"]
[TimeControl "180+1"]
[EndTime "11:30:49 PDT"]
[Termination "Game drawn - insufficient material"]

1. c4 c5 2. Nc3 Nc6 3. Nf3 g6 4. e3 Bg7 5. d4 Nf6 6. d5 Nb8 7. e4 d6 8. h3 a6 9. a4 Nbd7 10. Bd3 O-O 11. O-O e6 12. dxe6 fxe6 13. Bf4 Nxe4 14.
Nxe4 Rxf4 15. Nxd6 Bxb2 16. Qd2 Rxf3 17. gxf3 Bxa1 18.
Rxa1 Ne5 19. Be4 Qf6 20. Qc3 Bd7 21. Rd1 Rf8 22. a5 Bc6 23. Qe3 Nxf3+ 24. Qxf3 Qxf3 25.
Bxf3 Rxf3 26. Nc8 Kf7 27. Na7 Be4 28. Re1 Bd3 29. Nc8 Rxh3 30. Kg2 Rh4 31. Kg3 Rd4 32. Rd1 Bxc4 33. Rxd4 cxd4 34. Nd6+ Ke7 35. Nxc4 Kd7 36. Kf3 Kc6 37. Ke4 Kc5 38. Ne5 Kb5 39. Kxd4 Kxa5 40. Nf7 Kb4 41. Kd3 Kb3 42. Kd4 b5 43. Ng5 a5 44. Nxe6 a4 45. Nc5+ Kb4 46. Nd3+ Kb3 47. Nc1+ Kc2 48. Na2 Kb2 49. Nb4 a3 50. Kc5 a2 51.
Nxa2 Kxa2 52. Kxb5 Kb2 53. Kc4 Kc2 54. Kd4 Kd2 55.
f4 Ke2 56. Ke5 Kf3 57. f5 gxf5 58. Kxf5 h5 59. Kg5 h4 60. Kxh4 1/2-1/2

[Event "*** Titled Tuesday Blitz"]
[Site "Chess.com"]
[Date "2020.04.14"]
[Round "8"]
[White "Olga_Zhuravleva"]
[Black "Blitzking642"]
[Result "0-1"]
[WhiteElo "2228"]
[BlackElo "2389"]
[TimeControl "180+1"]
[EndTime "11:30:50 PDT"]
[Termination "Blitzking642 won on time"]

1. e4 c5 2. Nf3 Nc6 3. Nc3 g6 4.
d4 cxd4 5. Nxd4 Bg7 6. Nb3 a5 7. a4 Nf6 8. Be2 Nb4 9. O-O d6 10. Re1 O-O 11. Bf1 Bd7 12. Bg5 Rc8 13. Qd2 Re8 14.
Rad1 Qc7 15. Kh1 Bc6 16. f3 Nd7 17. Nd4 Ne5 18. Ndb5 Bxb5 19. Bxb5 Nc4 20. Qc1 Nxb2 21. Nd5 Nxd5 22. Rxd5 Rf8 23. c4 h6 24. Bh4 g5 25.
Bf2 Nxc4 26. Qd1 Nb2 27. Qb3 Qc2 28. Qxc2 Rxc2 29. Bb6 Bc3 30. Rb1 Rc8 31. h3 Bb4 32. Bd4 Rc1+ 33. Rxc1 Rxc1+ 34. Kh2 Nc4 35. Bf2 Ne5 36. h4 f6 37. hxg5 hxg5 38. Rd4 Kf7 39. Kg3 Nc6 40. Rd5 Ne5 41. Be3 Rc2 42. Rd1 Rc3 43.
Bf2 Rc2 44. Rh1 Kg7 45. Be8 Ng6 46. Bb5 Nf4 47. Bd7 Ne2+ 48. Kg4 Nf4 49. Kg3 Bc3 50.
Bf5 Be5 51. Rh7+ Kg8 52. Kg4 Rxf2 53. g3 Rg2 54. Rxe7 Nd3 55. Be6+ Kf8 56. Rf7+ Ke8 57. Kf5 Rxg3 58. Bd5 Rxf3+ 59. Ke6 Nf4+ 0-1

[Event "*** Titled Tuesday Blitz"]
[Site "Chess.com"]
[Date "2020.04.14"]
[Round "8"]
[White "vugarrasulov"]
[Black "INLOVEWITHF"]
[Result "1/2-1/2"]
[WhiteElo "2742"]
[BlackElo "2596"]
[TimeControl "180+1"]
[EndTime "11:30:51 PDT"]
[Termination "Game drawn - insufficient material"]

1. e4 e5 2. Nc3 Nc6 3. Bc4 Nf6 4. d3 Na5 5. Nge2 c6 6. a4 Nxc4 7. dxc4 d6 8. Qd3 Be7 9. b3 Qc7 10. Ba3 O-O 11. O-O-O Rd8 12. h3 Be6 13. f4 exf4 14. Nxf4 d5 15. Bxe7 Qxf4+ 16. Qd2 Qe5 17. Bxd8 Nxe4 18.
Qd4 Qxd4 19. Rxd4 Nxc3 20. Kb2 Ne2 21. Rd2 Ng3 22. cxd5 Rxd8 23. Re1 cxd5 24. c4 h5 25. Re5 d4 26. a5 h4 27. Re1 Bf5 28. Re5 Be4 29. b4 Kf8 30. b5 f6 31. Rc5 d3 32.
Rc7 Ne2 33. a6 bxa6 34. bxa6 Rb8+ 35. Ka3 Rb6 36. Rxa7 Nc3 37. Rf2 Nb1+ 38. Ka4 d2 39. Rf1 Nc3+ 40. Ka5 Rb2 41. Rd7 Ra2+ 42. Kb6 Na4+ 43.
Kb5 Nc3+ 44. Kb6 d1=Q 45. Rfxd1 Nxd1 46. Rxd1 Rb2+ 47. Kc5 Bxg2 48. a7 Ra2 49. Kb6 Rb2+ 50. Kc5 Ra2 51. Rd7 g5 52. Kb6 g4 53. hxg4 h3 54. Rh7 Kg8 55. Rh5 Kg7 56. c5 Kg6 57. c6 Rb2+ 58. Kc7 Ra2 59. Kb6 Rb2+ 60. Kc5 Rc2+ 61. Kd4 Rxc6 62. a8=Q Rd6+ 63. Kc5 Bxa8 64. Kxd6 Bg2 65. Ke7 f5 66. Rxf5 h2 67. Rh5 h1=Q 68. Rxh1 Bxh1 69. g5 Kxg5 1/2-1/2

[Event "*** Titled Tuesday Blitz"]
[Site "Chess.com"]
[Date "2020.04.14"]
[Round "8"]
[White "SavelievAlexei"]
[Black "Fh2411"]
[Result "1-0"]
[WhiteElo "2408"]
[BlackElo "2494"]
[TimeControl "180+1"]
[EndTime "11:30:51 PDT"]
[Termination "SavelievAlexei won on time"]

1. e4 c5 2. Nf3 e6 3. d4 cxd4 4. Nxd4 a6 5. Nc3 Qc7 6. Be2 b5 7. O-O Bb7 8. Re1 d6 9. Bg4 e5 10. Nd5 Bxd5 11. exd5 Nf6 12. Bf3 Be7 13. Nf5 O-O 14.
Bg5 Bd8 15. a4 b4 16. a5 Nbd7 17. Qd2 Rb8 18. g3 Nc5 19. Bg2 Nfd7 20. Bxd8 Rfxd8 21. Ne7+ Kf8 22. Nc6 Rb5 23. Nxd8 Qxd8 24. b3 h6 25. h4 Qc7 26. Bf1 Rb7 27. Bc4 Qd8 28. Qe2 Ra7 29. Red1 Qf6 30. Qd2 Rb7 31. Re1 h5 32. c3 bxc3 33.
Qxc3 g6 34. b4 Kg7 35. bxc5 Nxc5 36. Bf1 Rb3 37. Qc4 Qf5 38. Bg2 Rb2 39. Rf1 e4 40.
Qd4+ Qf6 41. Qxf6+ Kxf6 42. Rfe1 Ke5 43. Red1 f5 44.
Bf1 f4 45. gxf4+ Kxf4 46. Rdc1 Nb3 47. Bxa6 Nxc1 48. Rxc1 Ra2 49. Bc4 Rxa5 50. Rc2 Ra3 51. Kg2 Kg4 52. Re2 Kf4 53. Ba2 Rc3 54. Bb1 Rc4 55. Ba2 Rd4 56. Rc2 Kg4 57. Rc4 Rd2 58. Bb3 Kf5 59. Bc2 Ke5 60. Bxe4 1-0

[Event "*** Titled Tuesday Blitz"]
[Site "Chess.com"]
[Date "2020.04.14"]
[Round "8"]
[White "SHIVACalypso"]
[Black "AlexandraBotez"]
[Result "0-1"]
[WhiteElo "2239"]
[BlackElo "1998"]
[TimeControl "180+1"]
[EndTime "11:30:51 PDT"]
[Termination "AlexandraBotez won by resignation"]

1. Nf3 Nf6 2. c4 e5 3. Nxe5 Bd6 4. Nf3 c5 5. Nc3 a6 6. g3 O-O 7. Bg2 Nc6 8. O-O Re8 9. d3 h6 10. e4 Rb8 11. a4 Nb4 12. Be3 b6 13. d4 Nxe4 14.
Nxe4 Rxe4 15. Ne5 Rxe3 16. fxe3 Bxe5 17. dxe5 Bb7 18. Qd6 Nc2 19. Bxb7 Rxb7 20. Rac1 Nxe3 21. Rfe1 Qg5 22. Qd2 Nf5 23. Qxg5 hxg5 24. Rcd1 Nd4 25. Kf2 Kf8 26. Re4 Ke7 27. Ke3 Ke6 28. Kd3 Rb8 29. Kc3 Rh8 30. Rd2 Rh5 31. b4 Rh8 32. bxc5 bxc5 33. Rb2 Ke7 34. Re3 Rh6 35. Rb7 Rxh2 36. Rb6 Rc2+ 37. Kd3 Ra2 38. Rxa6 Ra3+ 39. Ke4 Ra2 40.
Kd5 Nc2 41. Rc3 Nb4+ 42. Kxc5 Nxa6+ 43. Kb5 Nc7+ 44. Kb6 Ne6 45. a5 Nd8 46. a6 Nc6 47.
Kb7 Ke6 48. c5 Kxe5 49. Rc1 f5 50. Re1+ Kd5 51. Rd1+ Kxc5 52. Rxd7 Rb2+ 53. Ka8 Ra2 54. Kb7 f4 55. Rc7 Rb2+ 56. Kc8 Kb6 57. a7 Ra2 58. Rxc6+ Kxc6 59. gxf4 Rxa7 60. Kb8 Rf7 61. fxg5 Rf5 0-1

[Event "*** Titled Tuesday Blitz"]
[Site "Chess.com"]
[Date "2020.04.14"]
[Round "8"]
[White "LittlePeasant"]
[Black "Oleksandr_Bortnyk"]
[Result "1/2-1/2"]
[WhiteElo "2834"]
[BlackElo "3036"]
[TimeControl "180+1"]
[EndTime "11:30:52 PDT"]
[Termination "Game drawn - insufficient material"]

1. d4 d6 2. Nf3 Nf6 3. g3 g6 4. Bg2 Bg7 5. c4 O-O 6. Nc3 Bf5 7. O-O Ne4 8. Nd5 c6 9. Ne3 Be6 10. d5 cxd5 11. cxd5 Bd7 12. Nd4 Nc5 13. b3 a6 14.
Bb2 a5 15. Rc1 a4 16. b4 a3 17. Ba1 Na4 18. Qb3 Nb2 19. Bxb2 axb2 20. Qxb2 Qb6 21.
Rfd1 Na6 22. a3 Ba4 23. Rd2 Rfc8 24. Nc4 Qa7 25. e3 Nc7 26. Bh3 f5 27. Bg2 Nb5 28.
Nxb5 Bxb5 29. Qb3 Rc7 30. Rdc2 Ba4 31. Qd3 Bxc2 32. Rxc2 Rac8 33. b5 Qa4 34. Bf1 Qxb5 35. e4 fxe4 36. Qxe4 Qb1 37. Kg2 Bf6 38. Bd3 Qb3 39.
h4 Kg7 40. h5 Rxc4 41. Rxc4 Rxc4 42. Bxc4 Qxa3 43. Bd3 Qa8 44. Qe3 Qd8 45. h6+ Kf8 46.
Qe6 Qe8 47. f4 b5 48. g4 b4 49. g5 Bc3 50. f5 gxf5 51. Bxf5 Qf7 52. Qc8+ Qe8 53.
Qe6 Qf7 54. Qxf7+ Kxf7 55. Bxh7 b3 56. g6+ Kf8 57. g7+ Bxg7 58. hxg7+ Kxg7 59. Bf5 Kf6 60. Be4 Ke5 61. Kf3 b2 62. Ke3 e6 63. dxe6 Kxe6 64.
Bb1 Kd5 65. Kd3 Kc5 66. Kc3 d5 67. Kxb2 Kd4 68. Kc2 Ke3 69. Kd1 d4 70. Ba2 d3 71.
Bc4 d2 72. Bb5 Kd4 73. Ba4 Kc3 74. Bc2 Kd4 75. Kxd2 1/2-1/2

[Event "*** Titled Tuesday Blitz"]
[Site "Chess.com"]
[Date "2020.04.14"]
[Round "8"]
[White "smshk35"]
[Black "Medvezhlo"]
[Result "0-1"]
[WhiteElo "2281"]
[BlackElo "2448"]
[TimeControl "180+1"]
[EndTime "11:30:52 PDT"]
[Termination "Medvezhlo won by resignation"]

1. e4 g6 2. d4 c5 3. d5 Bg7 4.
Nc3 d6 5. f4 Nf6 6. Nf3 a6 7. a4 O-O 8. h3 b6 9. Bc4 Bb7 10. O-O Nbd7 11. Be3 Nh5 12. g4 Ng3 13. Rf2 f5 14. Ng5 Bxc3 15. bxc3 Nxe4 16. Nxe4 fxe4 17.
g5 b5 18. axb5 axb5 19. Rxa8 Qxa8 20. Bxb5 Nb6 21. c4 Qa3 22. Qe2 Bc8 23. h4 Bf5 24. Rh2 Ra8 25. h5 Qa1+ 26. Kf2 Qb1 27. hxg6 Bxg6 28.
Kg3 Ra3 29. Kg4 Qa1 30. f5 Bf7 31. Rh6 Qg7 32. Qf2 Rc3 33. f6 exf6 34. Rxf6 Nxc4 35. Bxc4 Rxc4 36. Rxd6 h5+ 37. Kh4 Qe5 38. Rf6 Bxd5 39. g6 Rxc2 40. Rf8+ Kg7 41. Rf7+ Kh8 42. Rh7+ Kg8 43.
Qxc2 Qf6+ 44. Bg5 Qf3 45. Rxh5 Be6 46. Rh8+ Kxh8 47. Qb2+ Kg8 48. Qb8+ Qf8 49. Qxf8+ Kxf8 50. Be3 c4 51. Bd4 Ke7 52. Kg5 Kd6 53. Kf6 Kd5 54.
Bc3 e3 55. g7 e2 56. Kg5 Ke4 57. Kf6 Bd5 58. Ke7 Kd3 59. Be1 c3 60. Kd6 Bb3 61.
Kc5 c2 62. Kb4 0-1

[Event "*** Titled Tuesday Blitz"]
[Site "Chess.com"]
[Date "2020.04.14"]
[Round "8"]
[White "AquivaRubinstein"]
[Black "leopato"]
[Result "0-1"]
[WhiteElo "2369"]
[BlackElo "2132"]
[TimeControl "180+1"]
[EndTime "11:30:52 PDT"]
[Termination "leopato won by checkmate"]

1. d4 Nf6 2. c4 g6 3. Nc3 Bg7 4. e4 d6 5. f4 O-O 6. Nf3 e5 7.
dxe5 dxe5 8. Qxd8 Rxd8 9. Nxe5 Re8 10. Be2 Nxe4 11. Nxe4 f6 12. O-O fxe5 13. c5 Be6 14. Ng5 Bd5 15. f5 gxf5 16. Rxf5 h6 17. Bh5 Re7 18. Nh3 Nd7 19. Be3 Nf6 20. Be2 c6 21. Raf1 Ne4 22. Nf2 Rf8 23. Ng4 Rxf5 24. Rxf5 Be6 25.
Rh5 Bxg4 26. Bxg4 Nf6 27. Rh4 Nxg4 28. Rxg4 Kh7 29. h4 Rd7 30. h5 Rd3 31. Kf2 Bf8 32.
Rg6 Rd5 33. b4 a5 34. a3 axb4 35. axb4 e4 36. Rf6 Bg7 37. Rf7 Rxh5 38. g4 Rd5 39. Rxb7 Kg6 40. Rb6 Rd1 41. Rxc6+ Kf7 42. b5 Rb1 43. b6 Rb2+ 44. Kg3 Be5+ 45. Bf4 Rb3+ 46. Kf2 Bxf4 47. Rc8 Rb2+ 48. Ke1 Ke6 49. Re8+ Kd5 50. Rd8+ Kxc5 51. Re8 Kd4 52. Rd8+ Ke3 53. Kd1 Rxb6 54. Rf8 Rb2 55. Kc1 Re2 56. Re8 Kf3+ 57. Kd1 Rd2+ 58. Ke1 Rc2 59. Rf8 Rc1# 0-1

[Event "*** Titled Tuesday Blitz"]
[Site "Chess.com"]
[Date "2020.04.14"]
[Round "8"]
[White "igorkovalenko"]
[Black "AvitalBor"]
[Result "0-1"]
[WhiteElo "2900"]
[BlackElo "2769"]
[TimeControl "180+1"]
[EndTime "11:30:56 PDT"]
[Termination "AvitalBor won by resignation"]

1. d4 e6 2. e4 d5 3. e5 c5 4.
c3 Nc6 5. Nf3 Nh6 6. dxc5 Ng4 7.
b4 Ngxe5 8. Nxe5 Nxe5 9. Bf4 Ng6 10. Bg3 Bd7 11. Bd3 b6 12. cxb6 Qxb6 13. O-O Rc8 14.
a4 Be7 15. Kh1 O-O 16. f4 Bf6 17. Qd2 Qb7 18. Ra3 Rfd8 19. Qe2 Qa8 20. Ba6 Rc6 21. Bb5 Rcc8 22. Ba6 Rc6 23. Rd1 d4 24.
cxd4 Ne7 25. Nc3 Nf5 26. Bf2 Bc8 27. Bxc8 Qxc8 28. Ne4 Rc2 29. Nxf6+ gxf6 30. Qg4+ Kh8 31. Bh4 h6 32. Bxf6+ Kh7 33. Qf3 Rg8 34. Rg1 Rc1 35.
Ra1 Rc3 36. Qe4 Rg6 37. Be5 f6 38. d5 fxe5 39. fxe5 exd5 40. Qxd5 Qe6 41. Qe4 Rc4 42. Qf3 Qxe5 43. Rae1 Qf4 44. Qxf4 Rxf4 45. Re5 Rg5 46. Ra5 Rxb4 47. Rxa7+ Kg6 48. g3 Rb2 49. Rg2 Rb1+ 50.
Rg1 Rb2 51. Rg2 Rxg2 52. Kxg2 Ng7 53. a5 Rb5 54. Ra6+ Kg5 55. h4+ Kh5 56. Kh3 Rb3 57. Rb6 Ra3 58. a6 Nf5 59. Rb5 Rxg3+ 60. Kh2 Kg4 61. Rxf5 Rh3+ 62. Kg2 Ra3 63. Kf2 Rxa6 64. Kg2 Kxh4 65. Rf6 Rxf6 0-1

[Event "*** Titled Tuesday Blitz"]
[Site "Chess.com"]
[Date "2020.04.14"]
[Round "8"]
[White "Mastroskaki"]
[Black "Donseng"]
[Result "0-1"]
[WhiteElo "2712"]
[BlackElo "2546"]
[TimeControl "180+1"]
[EndTime "11:30:56 PDT"]
[Termination "Donseng won by resignation"]

1. d4 d5 2. Nf3 Nf6 3. c4 e6 4. Nc3 c6 5. cxd5 exd5 6. Bg5 Be7 7. Qc2 g6 8. e3 Bf5 9. Bd3 Bxd3 10. Qxd3 Nbd7 11.
O-O O-O 12. Rab1 a5 13. h3 Ne4 14. Bf4 Ndf6 15. Ne5 Re8 16. f3 Nd6 17. Bh2 Bf8 18.
Rbe1 Bg7 19. b3 Qe7 20. g4 Rad8 21. Na4 Nd7 22. Nxd7 Rxd7 23. Nc5 Rdd8 24. Kg2 b6 25. Na4 Nc8 26. Bg3 c5 27. Bf2 h5 28. Rc1 hxg4 29.
hxg4 cxd4 30. exd4 Qe2 31. Qxe2 Rxe2 32. Nc3 Rd2 33.
Rfd1 Rxd1 34. Nxd1 Nd6 35. Rc6 Nb5 36. Rxb6 Nxd4 37.
Ra6 Ne6 38. Rxa5 Rc8 39. Rxd5 Nf4+ 40. Kg3 Nxd5 41. Ne3 Be5+ 42. f4 Bxf4+ 43. Kf3 Bxe3 44. Bxe3 Rc3 45. Ke4 Nxe3 46. Kd4 Nd1 47. b4 Ra3 48. b5 Rxa2 49. b6 Rb2 50. Kc5 Ne3 51. g5 Nf5 52. Kc6 Ng7 53. b7 Ne6 54. Kd7 Rxb7+ 55.
Ke8 Rb5 56. Ke7 Rxg5 57. Kf6 Rf5+ 58. Ke7 Rd5 59. Kf6 g5 60. Ke7 g4 61. Kf6 g3 62. Ke7 g2 63. Kf6 g1=Q 0-1

[Event "*** Titled Tuesday Blitz"]
[Site "Chess.com"]
[Date "2020.04.14"]
[Round "8"]
[White "Lestofante90"]
[Black "GeorgMeier"]
[Result "0-1"]
[WhiteElo "2782"]
[BlackElo "3046"]
[TimeControl "180+1"]
[EndTime "11:30:58 PDT"]
[Termination "GeorgMeier won on time"]

1. d4 Nf6 2. c4 e6 3. g3 d5 4.
Nf3 Bb4+ 5. Bd2 Bd6 6. Nc3 O-O 7. Bg5 Be7 8. Bg2 dxc4 9. O-O Nbd7 10. Qa4 Nb6 11.
Qa5 Nfd5 12. Bxe7 Qxe7 13. Rfd1 Rd8 14. Rac1 Bd7 15. Ne5 Be8 16. a3 a6 17. Ne4 Bb5 18. Nc5 c3 19. b3 Bxe2 20. Re1 Bb5 21. Nxb7 Rdb8 22. Nc5 Qd6 23. a4 Be8 24. Nc4 Qc6 25.
Ne3 Qd6 26. Nc4 Qd8 27. Ne5 h6 28. h4 Ra7 29. Ne4 Rab7 30. Nxc3 Nxc3 31. Rxc3 Nd5 32. Rcc1 Rxb3 33. Qxa6 Nf6 34. Qc4 R3b4 35. Qxc7 Rxa4 36. Qxd8 Rxd8 37. Bc6 Raxd4 38. Bxe8 Rxe8 39. Nc6 Rd5 40. Ra1 g5 41. hxg5 hxg5 42. Ra7 Kg7 43. Ne5 Rf8 44. Kg2 Rd4 45. Nf3 Rd5 46. Re5 g4 47. Rg5+ Rxg5 48. Nxg5 Kg6 49. Ra5 Rd8 50. Kf1 Rd5 51. Rxd5 Nxd5 52.
f4 Ne7 53. Kf2 Nf5 54. Ne4 Nd4 55. Nd2 f5 56. Nc4 Kf6 57. Ne5 Ke7 58. Ke3 Nb5 59. Nc4 Nc7 60. Kd4 Nd5 61. Ne5 Nf6 0-1